 Dungeon Crawl Stone Soup version 0.28.0-49-g6dfe1f597d (console) character file.

Game seed: 3707002863025377307

35 Faeu the Skirmisher (level 3, 0/49 HPs)
             Began as a Minotaur Berserker on May 15, 2022.
             Was a Believer of Trog.
             Slain by Sigmund
             ... wielding a +0 scythe
              (8 damage)
             ... on level 2 of the Dungeon.
             The game lasted 00:01:41 (1290 turns).

Faeu the Skirmisher (Minotaur Berserker)            Turns: 1290, Time: 00:01:42

Health: 0/49       AC:  2    Str: 23    XL:     3   Next: 16%
Magic:  2/2        EV: 12    Int:  4    God:    Trog [**....]
Gold:   94         SH:  0    Dex:  9    Spells: 2/2 levels left

rFire   . . .      SeeInvis .   a - +0 hand axe {axe}
rCold   . . .      Faith    .   (no shield)
rNeg    . . .      Spirit   .   b - +0 animal skin
rPois   .          Reflect  .   (helmet restricted)
rElec   .          Harm     .   (no cloak)
rCorr   .          Rampage  .   (no gloves)
Will    .....                   (no boots)
Stlth   ..........              (no amulet)
HPRegen 0.16/turn               (no ring)
MPRegen 0.08/turn               (no ring)

@: berserking, very quick
A: horns 2, retaliatory headbutt
a: Renounce Religion, Berserk, Trog's Hand


You were on level 2 of the Dungeon.
You worshipped Trog.
Trog was pleased with you.
You visited 1 branch of the dungeon, and saw 2 of its levels.

You collected 94 gold pieces.


Innate Abilities, Weirdness & Mutations

You have a pair of horns on your head.
You reflexively headbutt those who attack you in melee.


   Skills:
 + Level 4.1 Fighting
 + Level 4.1 Axes
 + Level 3.0 Armour
 + Level 2.7 Dodging


You had 2 spell levels left.
You didn't know any spells.
Your spell library contained the following spells:

 Spells                   Type           Power      Damage    Failure   Level
 Blink                    Tloc           0%         N/A       65%         2
 Lesser Beckoning         Tloc           0%         N/A       86%         3
 Manifold Assault         Tloc           0%         N/A       100%        5

Inventory:

Hand Weapons
 a - a +0 hand axe (weapon) {axe}
Armour
 b - a +0 animal skin (worn)
Scrolls
 c - 2 scrolls of teleportation {unknown}
 d - a scroll of amnesia {unknown}
Potions
 e - a potion of flight {unknown}

Dungeon Overview and Level Annotations

Branches:
Dungeon (2/15)

Altars:

Annotations:
D:2 Sigmund

.....####
#..##.##>#.
.....
#.........#
##...
#.########.
### ###.#####
#.......#
......###.#.#
#####. ##.#.#
. #..#.# ##
#.##.#
#.##.##{#
#.....@.#
####.#### #.#
... .#.#
#.#.# # #..
###


There were no monsters in sight!


Message History

You kill the frilled lizard!
Trog accepts your kill.
There is a stone staircase leading down here.
Done exploring.
No target in view!
Done exploring.
No target in view!
(D) Dungeon
Where to? (? - help)
There is a stone staircase leading down here.
You climb downwards.
There is a stone staircase leading up here.
You pick up a book of Spatial Translocations {forbidden} and begin reading...
You add the spells Blink, Lesser Beckoning and Manifold Assault to your library.
No target in view!
e - a red potion You now have 94 gold pieces (gained 5).
No target in view!
A frilled lizard comes into view.
The frilled lizard hisses angrily.
You hit the frilled lizard.
You kill the frilled lizard!
Trog accepts your kill.
You see here a frilled lizard corpse.
A frilled lizard comes into view.
A frilled lizard is nearby!
The frilled lizard hisses angrily.
A frilled lizard is nearby!
The frilled lizard closely misses you.
You barely miss the frilled lizard.
Your headbutt misses the frilled lizard.
The frilled lizard bites you. 😕 HP[-3]
You take 3 damage, and now have 30/33 hp.
You hit the frilled lizard.
You kill the frilled lizard!
Trog accepts your kill.
HP restored.
Sigmund the Dreaded comes into view.
He is wielding a +0 scythe.
There is a stone staircase leading up here.
Sigmund shouts!
Sigmund gestures at you while chanting.
You are confused. 😎 HP[+3] Sigmund hits you from afar with a +0 scythe.
There is a stone staircase leading up here. 😕 HP[-3]
You take 3 damage, and now have 30/33 hp.
You're too confused to move!
You're too confused to move!
Sigmund closely misses you.
Sigmund is nearby!
You are too confused!
Sigmund is nearby!
You are too confused!
Sigmund is nearby!
You are too confused!
Sigmund is nearby!
You are too confused!
You bump into the rock wall.
You feel less confused.
Sigmund casts a spell.
Sigmund flickers and vanishes!
Deactivating autopickup; reactivate with Ctrl-A.
Something hits you!
There is a stone staircase leading up here. 😮 HP[-9]
You take 9 damage, and now have 21/33 hp.
MASSIVE DAMAGE!! (PAUSE)
A red film seems to cover your vision as you go berserk!
You feel yourself moving faster!
You feel mighty! 😮 HP[+11]
You now have 49 max hp (+16).
You regained 11 hp, and now have 32/49 hp.
You hit something. Something hits you!
* * * LOW HITPOINT WARNING * * *
😨 HP[-9]
You take 9 damage, and now have 23/49 hp.
You barely miss something. Your headbutt misses something.
You closely miss something. Something hits you.
* * * LOW HITPOINT WARNING * * *
😨 HP[-1]
You take 1 damage, and now have 22/49 hp.
You barely miss something. You closely miss something. Something hits you!
* * * LOW HITPOINT WARNING * * *
😱 HP[-10]
You take 10 damage, and now have 12/49 hp.
MASSIVE DAMAGE!! (PAUSE)
You barely miss something.
Your headbutt misses something. 😨 HP[+1]
You barely miss something. Your headbutt misses something.
You hear some strange, mumbled words.
A magic dart appears from out of thin air!
The magic dart hits you.
* * * LOW HITPOINT WARNING * * *
😱 HP[-5]
You take 5 damage, and now have 8/49 hp.
You miss something. Your headbutt misses something. Something hits you!
You die...

Skill      XL: |  1  2 |
---------------+-------+-----
Fighting       | 4 |  4.1
Axes           | 4 |  4.1
Armour         | 3 |  3.0
Dodging        | |  2.7

Action                   || total
-------------------------++-------
Melee: Hand axe          ||    85
       Headbutt          ||     8
       Punch             ||     1
Invok: Berserk           ||     1
 Stab: Sleeping          ||     1
Armor: Animal skin       ||    15
Dodge: Dodged            ||    63

Levels and vault maps discovered:
D:1:      mushboom_english_gardens, layout_loops_ring,
          hellmonk_ecumenical_altar_leap_of_faith, minmay_pentomino_t2
D:2:      layout_loops_cross, minmay_misc_feat_x, cheibrodos_gnoll_hut,
          uniq_sigmund

Notes
Turn   | Place    | Note
-------+----------+-------------------------------------------
     0 | D:1      | Faeu the Minotaur Berserker began the quest for the Orb.
     0 | D:1      | Reached XP level 1. HP: 19/19 MP: 0/0
     0 | D:1      | magus.rc [v1.9.6]
   289 | D:1      | Reached XP level 2. HP: 27/27 MP: 1/1
   537 | D:1      | Reached skill level 4 in Fighting
   611 | D:1      | Found a faded altar of an unknown god.
   674 | D:1      | Reached skill level 4 in Axes
   690 | D:1      | Reached ** piety under Trog
   755 | D:1      | Reached skill level 3 in Armour
   755 | D:1      | Reached XP level 3. HP: 19/33 MP: 2/2
  1155 | D:2      | You pick up a book of Spatial Translocations {forbidden}
                  | and begin reading...
  1155 | D:2      | You add the spells Blink, Lesser Beckoning and Manifold
                  | Assault to your library.
  1274 | D:2      | Noticed Sigmund
  1287 | D:2      | HP: 12/49 [something (10)]
  1290 | D:2      | Slain by Sigmund

Vanquished Creatures
  A dart slug (D:1)
  3 endoplasms (D:1)
  2 goblins (D:1)
  4 hobgoblins (D:1)
  3 jackals (D:1)
  2 kobolds (D:1)
  2 ball pythons (D:1)
  5 bats (D:1)
  5 frilled lizards
  4 rats (D:1)
31 creatures vanquished.

Table legend:
 A = Non-vault XP
 B = Vault XP
 C = Vault XP percentage of total XP
 D = Non-vault monster count
 E = Vault monster count
 F = Vault count percentage of total count
                 A         B        C        D         E       F
            +---------+---------+-------+---------+---------+-------
      Total |      49 |       1 |   2.0 |      30 |       1 |   3.2
            +---------+---------+-------+---------+---------+-------
        D:1 |      47 |       1 |   2.1 |      28 |       1 |   3.4
        D:2 |       2 |       0 |   0.0 |       2 |       0 |   0.0
            +---------+---------+-------+---------+---------+-------

Illustrated notes

Table legend:
 A = Kills in this place as a percentage of kills in entire the game.
 B = Kills by you in this place as a percentage of kills by you in the entire game.
 C = Kills by friends in this place as a percentage of kills by friends in the entire game.
 D = Other kills in this place as a percentage of other kills in the entire game.
 E = Experience gained in this place as a percentage of experience gained in the entire game.
 F = Experience gained in this place divided by the number of levels of this place that you have seen.
                   A       B       C       D       E      F
               +-------+-------+-------+-------+-------+----------------------
         Total | 100.0 | 100.0 |   N/A |   N/A | 100.0 |  25.0
       Dungeon | 100.0 | 100.0 |   N/A |   N/A | 100.0 |  25.0
               +-------+-------+-------+-------+-------+----------------------

Table legend: (Time is in decaauts)
 A = Elapsed time spent in this place.
 B = Non-inter-level travel time spent in this place.
 C = Inter-level travel time spent in this place.
 D = Time resting spent in this place.
 E = Time spent auto-exploring this place.
 F = Levels seen in this place.
 G = Mean time per level.
                   A        B        C        D        E       F      G
               +--------+--------+--------+--------+--------+-----+--------+
         Total |   1295 |   1264 |     31 |    290 |    720 |   2 |  647.5 |
       Dungeon |   1295 |   1264 |     31 |    290 |    720 |   2 |  647.5 |
               +--------+--------+--------+--------+--------+-----+--------+

Top non-repeatable levels by time:
     D:1: 1158 daAuts
     D:2: 137 daAuts
